 Dungeon Crawl Stone Soup version 0.30-a0-377-g5cb311bc9f (webtiles) character file.

Game seed: 10105135919319412027

118 zishaf the Grave Robber (level 4, 0/36 HPs)
             Began as a Demigod Wanderer on Nov 29, 2022.
             Constricted to death by a ball python (1 damage)
             ... on level 2 of the Dungeon.
             The game lasted 00:03:00 (1440 turns).

zishaf the Grave Robber (Demigod Wanderer)          Turns: 1440, Time: 00:03:00

Health: 0/36       AC:  2    Str: 10    XL:     4   Next: 45%
Magic:  9/9        EV: 11    Int: 22    God:
Gold:   75         SH:  4    Dex: 12    Spells: 3/6 levels left

rFire   . . .      SeeInvis .    e - +2 dagger (elec)
rCold   . . .      Faith    .    d - +0 buckler
rNeg    . . .      Spirit   .    c - +0 robe
rPois   .          Reflect  .    (no helmet)
rElec   .          Harm     .    (no cloak)
rCorr   .          Rampage  .    (no gloves)
Will    .....                    (no boots)
Stlth   +.........               (no amulet)
HPRegen 0.26/turn                i - +4 ring of evasion
MPRegen 0.11/turn                (no ring)

@: constricted
A: high MP 1, forlorn, divine attributes
a: no special abilities


You were on level 2 of the Dungeon.
You visited 1 branch of the dungeon, and saw 2 of its levels.

You collected 75 gold pieces.

Inventory:

Hand Weapons
 a - a +0 dagger
 e - a +2 dagger of electrocution (weapon)
Missiles
 n - a throwing net
Armour
 c - a +0 robe (worn)
 d - a +0 buckler (worn)
Jewellery
 i - a +4 ring of evasion (left hand)
Scrolls
 g - a scroll of blinking {unknown}
 h - a scroll of amnesia {unknown}
 j - a scroll of magic mapping {unknown}
 k - a scroll of identify {unknown}
 m - a scroll of fear {unknown}
 o - a scroll of noise {unknown}
Potions
 b - a potion of lignification
 f - a potion of resistance {unknown}
 l - a potion of heal wounds {unknown}


   Skills:
 + Level 1.8 Fighting
 + Level 1.4 Short Blades
 + Level 2.0 Shields
 + Level 1.8 Spellcasting
 + Level 4.9 Necromancy
 + Level 1.2 Air Magic
 + Level 0.4 Poison Magic
 - Level 1.0 Evocations


You had 3 spell levels left.
You knew the following spells:

 Your Spells              Type           Power      Damage    Failure   Level
a - Necrotise             Necr           92%        1d8       2%          1
b - Cigotuvi's Dreadful   Necr/Pois/Air  22%        N/A       12%         2

Your spell library contained the following spells:

 Spells                   Type           Power      Damage    Failure   Level
 Vampiric Draining        Necr           23%        2d7       8%          3
 Magic Dart               Conj           4%         1d3       19%         1
 Static Discharge         Conj/Air       8%         2-3/arc   22%         2
 Searing Ray              Conj           2%         2d4       28%         2
 Dispel Undead            Necr           23%        3d12      24%         4
 Fulminant Prism          Conj/Hex       0%         3d5       88%         4


Dungeon Overview and Level Annotations

Branches:
Dungeon (2/15)


Innate Abilities, Weirdness & Mutations

You have an increased reservoir of magic. (+10% MP)
You shall have no god before yourself.
Your divine heritage dramatically boosts your attributes as you level up.


Message History

The ball python bites you but does no damage.
You block the ball python's attack.
Natasha zaps a wand.
The puff of flame hits you. The ball python misses you.
You block the ball python's attack.
You barely miss Natasha.
Natasha is lightly wounded.
Natasha closely misses you. The ball python misses you. x2
You hit Natasha but do no damage.
Natasha is lightly wounded.
Natasha casts a spell at you. The magic dart hits you.
* * * LOW HITPOINT WARNING * * *
The ball python closely misses you. The ball python grabs you.
The ball python constricts you.
You hit Natasha. Lightning courses through Natasha!
Natasha is heavily wounded.
The ball python closely misses you. The ball python constricts you.
* * * LOW HITPOINT WARNING * * *
Natasha barely misses you.
You hit Natasha.
Natasha is almost dead.
The white imp disappears in a puff of smoke!
The ball python bites you.
* * * LOW HITPOINT WARNING * * *
The ball python constricts you. Natasha misses you. The ball python bites you.
* * * LOW HITPOINT WARNING * * *
The ball python constricts you.
You hit Natasha.
You kill Natasha!
Natasha yowls pathetically as she dies!
The white imp disappears in a puff of smoke!
You block the ball python's attack. The ball python constricts you.
* * * LOW HITPOINT WARNING * * *
Your Shields skill increases to level 2!
You hit the ball python.
The ball python is heavily wounded.
The ball python bites you.
* * * LOW HITPOINT WARNING * * *
The ball python constricts you.
You die...

#. ## . . .#.
... #########
##.####.......#
.ยง...#.......#
#.##.#.......#
#@##.#.......#
#S.#.#.......#
##.#.#.......#
#.##.#.#.......#
#......#..)....#
##.......##.##.#
#.#.##..##.##.#
#S#...........#
..####...####.##


You could see a ball python.

Vanquished Creatures
  Natasha (twice) (D:2)
  3 gnolls (D:2)
  3 dart slugs
  4 ball pythons (D:1)
  2 endoplasms
  A giant cockroach (D:1)
  6 goblins
  2 hobgoblins
  A jackal (D:2)
  5 kobolds
  A quokka (D:1)
  A bat (D:1)
  5 rats
36 creatures vanquished.

Notes
Turn   | Place    | Note
-------+----------+-------------------------------------------
     0 | D:1      | zishaf the Demigod Wanderer began the quest for the Orb.
     0 | D:1      | zishaf set off with the following items: a +0 dagger, a
                  | potion of lignification, a +0 robe, a +0 buckler; and the
                  | following spell memorised: Necrotise; and the following
                  | spells available to memorise: Vampiric Draining, Cigotuvi's
                  | Dreadful Rot, Static Discharge, Dispel Undead.
     0 | D:1      | Reached XP level 1. HP: 16/16 MP: 4/4
   392 | D:1      | Reached XP level 2. HP: 15/23 MP: 6/6
  1079 | D:2      | Reached skill level 1 in Short Blades
  1079 | D:2      | Reached XP level 3. HP: 28/28 MP: 7/7
  1105 | D:2      | HP: 1/28 [gnoll/+0 club (6)]
  1226 | D:2      | Learned a level 2 spell: Cigotuvi's Dreadful Rot
  1399 | D:2      | Noticed Natasha
  1406 | D:2      | Killed Natasha
  1407 | D:2      | Reached XP level 4. HP: 36/36 MP: 9/9
  1425 | D:2      | Noticed Natasha
  1439 | D:2      | Killed Natasha
  1440 | D:2      | HP: 1/36 [ball python (3)]
  1440 | D:2      | Constricted to death by a ball python

Illustrated notes

Levels and vault maps discovered:
D:1:      psy_arrival_radial02, layout_basic
D:2:      layout_loops_cross, kennysheep_flooded_box, minmay_pentomino_pile,
          uniq_natasha

Skill      XL: |  1  2  3  4 |
---------------+-------------+-----
Short Blades   | 1 |  1.4
Shields        | 2 |  2.0
Fighting       | |  1.8
Spellcasting   | |  1.8
Necromancy     | |  4.9
Air Magic      | |  1.2
Poison Magic   | |  0.4
Evocations     | |  1.0

Action                   |  1- 3 |  4- 6 || total
-------------------------+-------+-------++-------
Melee: Dagger            |   124 |    12 ||   136
 Cast: Necrotise         |     2 |       ||     2
Armor: Robe              |    12 |     1 ||    13
Dodge: Dodged            |    72 |    11 ||    83
Block: Buckler           |    15 |     3 ||    18

Table legend: (Time is in decaauts)
 A = Elapsed time spent in this place.
 B = Non-inter-level travel time spent in this place.
 C = Inter-level travel time spent in this place.
 D = Time resting spent in this place.
 E = Time spent auto-exploring this place.
 F = Levels seen in this place.
 G = Mean time per level.
                   A        B        C        D        E       F      G
               +--------+--------+--------+--------+--------+-----+--------+
         Total |   1446 |   1420 |     26 |    115 |   1043 |   2 |  723.0 |
       Dungeon |   1446 |   1420 |     26 |    115 |   1043 |   2 |  723.0 |
               +--------+--------+--------+--------+--------+-----+--------+

Top non-repeatable levels by time:
     D:1: 972 daAuts
     D:2: 473 daAuts
